 Dungeon Crawl Stone Soup version 0.31.0-11-ge490571c62 (webtiles) character file.

Game seed: 4771087535165459615

21 qw the Shooter (level 2, -1/14 HPs)
             Began as a Spriggan Hunter on Feb 4, 2024.
             Slain by a gnoll
             ... wielding a +0 spear
              (9 damage)
             ... on level 2 of the Dungeon.
             The game lasted 00:00:04 (1004 turns).

qw the Shooter (Spriggan Hunter)                    Turns: 1004, Time: 00:00:04

Health: -1/14      AC:  2    Str:  7    XL:     2   Next: 65%
Magic:  3/3        EV: 19    Int:  8    God:
Gold:   34         SH:  0    Dex: 18    Spells: 1/1 levels left

rFire   + . .        a - +0 shortbow
rCold   . . .        (shield currently unavailable)
rNeg    . . .        c - +0 robe
rPois   .            (helmet restricted)
rElec   .            d - scarf "Sosuo" {+Inv, rF+ Int-2 Stlth+}
rCorr   .            (gloves unavailable)
SInv    +            (boots unavailable)
Will    .....        (no amulet)
Stlth   +++          (no ring)
HPRegen 0.22/turn    (no ring)
MPRegen 0.08/turn

%: no passive effects
@: very quick
A: very small, no large weapons, unfitting armour, see invisible, speed 3
a: Evoke Invisibility


You were on level 2 of the Dungeon.
You visited 1 branch of the dungeon, and saw 2 of its levels.

You collected 34 gold pieces.


Innate Abilities, Weirdness & Mutations

You are very small and have problems with some larger weapons.
You are too small for most types of armour.
You have supernaturally acute eyesight. (SInv)
You cover ground extremely quickly. (Speed+++)


   Skills:
 - Level 1.5 Fighting
 + Level 4.2 Ranged Weapons
 - Level 4.0 Dodging
 - Level 1.5 Stealth


You had one spell level left.
You didn't know any spells.
Your spell library was empty.

Inventory:

Hand Weapons
 a - a +0 shortbow (weapon)
Armour
 c - a +0 robe (worn)
 d - the scarf "Sosuo" (worn) {+Inv, rF+ Int-2 Stlth+}
   (You acquired it on level 1 of the Dungeon)

   Int-2:     It affects your intelligence (-2).
   rF+:       It protects you from fire.
   Stlth+:    It makes you more stealthy.
Potions
 h - a potion of attraction {unknown}

Dungeon Overview and Level Annotations

Branches:
Dungeon (2/15)

Altars:


Message History

The arrow hits the gnoll.
The gnoll is lightly wounded.
An adder comes into view.
A gnoll comes into view. It is wielding a +0 spear.
The adder moves out of view.
You shoot an arrow. The arrow hits the gnoll.
The gnoll is heavily wounded.
A gnoll comes into view. It is wielding a +0 club.
985 ||| RETREEEEATING.
986 ||| RETREEEEATING.
987 ||| RETREEEEATING.
989 ||| RETREEEEATING.
An adder and a gnoll come into view.
991 ||| RETREEEEATING.
A ball python comes into view.
993 ||| RETREEEEATING.
You shoot an arrow. The arrow hits the gnoll.
The gnoll is moderately wounded.
You shoot an arrow. The arrow barely misses the gnoll.
The gnoll misses you.
You shoot an arrow. The arrow barely misses the gnoll.
The arrow hits the gnoll!
The gnoll is severely wounded.
The gnoll misses you.
The gnoll hits you from afar with a +0 spear.
You shoot an arrow. The arrow barely misses the gnoll.
The gnoll misses you. The gnoll hits you with a +0 club.
998 ||| RETREEEEATING.
999 ||| RETREEEEATING.
1000 ||| RETREEEEATING.
You shoot an arrow. The arrow completely misses the gnoll.
You shoot an arrow.
The arrow hits the gnoll but does no damage.
The gnoll is heavily wounded.
You shoot an arrow. The arrow barely misses the gnoll.
The arrow hits the gnoll.
The gnoll is severely wounded.
You shoot an arrow. The arrow hits the gnoll!
You kill the gnoll!
The gnoll hits you from afar with a +0 spear!
Ouch! That really hurt!
You die...

......#.###....(.
.....g...<#....##
...Sg............
...#.g........#.
#..!#.......%
#...#gg....##
#...#g)...##
.....#.#####
......#@#
.........#
..########


You could see 3 gnolls.

Vanquished Creatures
  A gnoll (D:2)
  3 bats (D:1)
  3 endoplasms (D:1)
  A giant cockroach (D:2)
  3 hobgoblins (D:1)
  4 kobolds
  A quokka (D:1)
  3 frilled lizards
  A rat (D:1)
20 creatures vanquished.

Notes
Turn   | Place    | Note
-------+----------+-------------------------------------------
     0 | D:1      | qw the Spriggan Hunter began the quest for the Orb.
     0 | D:1      | Reached XP level 1. HP: 10/10 MP: 2/2
     0 | D:1      | 0 ||| qw: Version: 0.3-a-160-g6735b56
     0 | D:1      | 0 ||| qw: Game counter: 4478
     0 | D:1      | 0 ||| qw: Melee chars always use a shield: true
     0 | D:1      | 0 ||| qw: God list: Okawaru
     0 | D:1      | 0 ||| qw: Allow faded altars: false
     0 | D:1      | 0 ||| qw: Do Orc after clearing Dungeon:15 true
     0 | D:1      | 0 ||| qw: Do second Lair branch before Depths: true
     0 | D:1      | 0 ||| qw: Lair rune preference: random
     0 | D:1      | 0 ||| qw: Goals: Normal
     0 | D:1      | 0 ||| PLANNING D:1-11
    38 | D:1      | Reached skill level 3 in Dodging
   288 | D:1      | Reached XP level 2. HP: 14/14 MP: 3/3
   833 | D:1      | 833 ||| READING scroll labelled NUAKEAV GEEHY.
   934 | D:1      | 934 ||| READING scroll labelled XODGHIZETI.
   960 | D:1      | 960 ||| READING scroll labelled PINUNO ESCHENI.
   961 | D:1      | 961 ||| READING scroll labelled OCHYBRUFEKK.
   961 | D:1      | 961 ||| ENCHANTING +0 shortbow.
   962 | D:1      | 962 ||| READING scroll labelled LIUHEK GUKU.
   962 | D:1      | Identified a scroll of acquirement
   962 | D:1      | 962 ||| ACQUIRING scarf "Sosuo" {+Inv, rF+ Int-2 Stlth+}
   962 | D:1      | Acquired the scarf "Sosuo" {+Inv, rF+ Int-2 Stlth+}
   964 | D:1      | 964 ||| UPGRADING to scarf "Sosuo" {+Inv, rF+ Int-2
                  | Stlth+}.
   969 | D:1      | 969 ||| READING scroll labelled OFITZE YBARGH.
   969 | D:1      | 969 ||| IDENTIFYING ruby potion
   970 | D:1      | 970 ||| DRINKING 2 glowing emerald potions.
   971 | D:1      | 971 ||| DROPPING scroll of butterflies.
   972 | D:1      | 972 ||| DROPPING potion of degeneration.
   973 | D:1      | 973 ||| DROPPING potion of magic.
   985 | D:2      | 985 ||| RETREEEEATING.
   986 | D:2      | 986 ||| RETREEEEATING.
   987 | D:2      | 987 ||| RETREEEEATING.
   989 | D:2      | 989 ||| RETREEEEATING.
   991 | D:2      | 991 ||| RETREEEEATING.
   993 | D:2      | 993 ||| RETREEEEATING.
   998 | D:2      | 998 ||| RETREEEEATING.
   999 | D:2      | 999 ||| RETREEEEATING.
  1000 | D:2      | 1000 ||| RETREEEEATING.
  1004 | D:2      | Slain by a gnoll

Levels and vault maps discovered:
D:1:      minmay_arrival_hallway, layout_basic
D:2:      layout_basic, uniq_natasha

Skill      XL: |  1  2 |
---------------+-------+-----
Dodging        | 3 4 |  4.0
Fighting       | |  1.5
Ranged Weapons | |  4.2
Stealth        | |  1.5

Action                     || total
---------------------------++-------
   Fire: Shortbow          ||    56
    Use: Scroll            ||     6
         Potion            ||     1
 Armour: Robe              ||     8
  Dodge: Dodged            ||    22

Table legend:
 A = Non-vault XP
 B = Vault XP
 C = Vault XP percentage of total XP
 D = Non-vault monster count
 E = Vault monster count
 F = Vault count percentage of total count
                 A         B        C        D         E       F
            +---------+---------+-------+---------+---------+-------
      Total |      45 |       0 |   0.0 |      20 |       0 |   0.0
            +---------+---------+-------+---------+---------+-------
        D:1 |      26 |       0 |   0.0 |      16 |       0 |   0.0
        D:2 |      19 |       0 |   0.0 |       4 |       0 |   0.0
            +---------+---------+-------+---------+---------+-------
